 Dungeon Crawl Stone Soup version 0.27-a0-1256-gced786f65e (webtiles) character file.

Game seed: 12684689690694501282

3098 mordus the Grappler (level 9, -6/88 HPs)
             Began as a Troll Monk on June 10, 2021.
             Mangled by an orc warrior
             ... wielding a +2 trident of freezing
              (10 damage)
             ... on level 8 of the Dungeon.
             The game lasted 00:09:30 (6316 turns).

mordus the Grappler (Troll Monk)                    Turns: 6316, Time: 00:09:31

Health: -6/88      AC:  5    Str: 24    XL:     9   Next: 59%
Magic:  8/8        EV: 11    Int:  6    God:
Gold:   671        SH:  5    Dex: 12    Spells: 8/8 levels left

rFire    + . .     SeeInvis .     - Unarmed
rCold    . . .     Faith    .   (no shield)
rNeg     . . .     Spirit   .   p - +1 robe {rF+}
rPois    .         Reflect  +   (helmet restricted)
rElec    .         Harm     .   (no cloak)
rCorr    .         Rampage  .   (gloves unavailable)
Will     .....                  (boots unavailable)
Stlth    ++........             n - amulet of reflection
HPRegen  1.24/turn              (no ring)
MPRegen  0.11/turn              (no ring)

@: no status effects
A: large, unfitting armour, claws 3, regeneration 1, shaggy fur 1, tough skin 1
a: no special abilities


You were on level 8 of the Dungeon.
You visited 2 branches of the dungeon, and saw 9 of its levels.
You also visited: Ossuary.

You collected 684 gold pieces.
You spent 13 gold pieces at shops.

Inventory:

Hand Weapons
 f - a +0 club
 s - a +0 morningstar
 v - a +2 flail of freezing
Armour
 a - a +0 robe
 p - a +1 robe of fire resistance (worn)
Magical Staves
 y - a staff of air
Jewellery
 n - an amulet of reflection (around neck)
 A - an amulet of the acrobat
Wands
 m - a wand of flame (20)
Scrolls
 c - 4 scrolls of enchant armour {unknown}
 h - 3 scrolls of magic mapping {unknown}
 i - 2 scrolls of teleportation {unknown}
 j - 4 scrolls of amnesia {unknown}
 k - a scroll of torment {unknown}
 l - 2 scrolls of immolation {unknown}
 o - 3 scrolls of blinking {unknown}
 q - 12 scrolls of identify {unknown}
 t - 2 scrolls of enchant weapon {unknown}
 w - a scroll of fog {unknown}
Potions
 b - 3 potions of cancellation {unknown}
 d - 4 potions of heal wounds {unknown}
 e - 4 potions of curing {unknown}
 g - 2 potions of might {unknown}
 r - 2 potions of ambrosia {unknown}
 u - a potion of berserk rage {unknown}
 x - 2 potions of flight {unknown}
 z - a potion of brilliance {unknown}
 B - a potion of haste {unknown}


   Skills:
 + Level 5.6 Fighting
 + Level 5.3 Maces & Flails
 + Level 5.5 Dodging
 - Level 1.0 Stealth
 * Level 9.1 Unarmed Combat


You had 8 spell levels left.
You didn't know any spells.
Your spell library contained the following spells:

 Spells                   Type           Power      Damage    Failure   Level
 Beastly Appendage        Tmut           0%         N/A       45%         1
 Magic Dart               Conj           0%         1d3       45%         1
 Blink                    Tloc           N/A        N/A       58%         2
 Call Imp                 Summ           0%         N/A       58%         2
 Poisonous Vapours        Pois/Air       0%         N/A       58%         2
 Slow                     Hex            0%         N/A       58%         2
 Wereblood                Tmut           0%         N/A       58%         2
 Confusing Touch          Hex            0%         N/A       83%         3
 Conjure Flame            Conj/Fire      0%         6-21      83%         3
 Gell's Gravitas          Tloc           0%         N/A       83%         3
 Mephitic Cloud           Conj/Pois/Air  0%         N/A       83%         3
 Spider Form              Tmut/Pois      0%         N/A       83%         3
 Ice Form                 Ice/Tmut       0%         N/A       99%         4
 Petrify                  Tmut/Erth      0%         N/A       99%         4
 Freezing Cloud           Conj/Ice/Air   0%         6-21      100%        5
 Metabolic Englaciation   Hex/Ice        0%         N/A       100%        5
 Yara's Violent Unravell  Hex/Tmut       0%         3d3       100%        5


Dungeon Overview and Level Annotations

Branches:
Dungeon (8/15)             Temple (1/1) D:4         Ossuary (visited)
   Lair: D:8-11

Altars:
Ashenzari
Cheibriados
Dithmenos
Elyvilon
Fedhas
Gozag
Hepliaklqana
Kikubaaqudgha
Makhleb
Nemelex Xobeh
Okawaru
Qazlal
Sif Muna
Trog
Uskayaw
Vehumet
Wu Jian
Xom
Yredelemnul
Zin
The Shining One

Shops:
D:3 !


Innate Abilities, Weirdness & Mutations

You are too large for most types of armour.
You have claws for hands.
Your natural rate of healing is unusually fast.
You are covered in fur. (AC +1)
You have tough skin. (AC +1)


Message History

The acid dragon claws you but does no damage.
You see here a +4 ring of protection.
Found a stone staircase leading down.
The orc priest looks satisfied for a moment.
The orc wizard casts a spell.
The orc wizard flickers and vanishes!
Deactivating autopickup; reactivate with Ctrl-A.
The orc priest miscasts a cantrip.
The orc throws a boomerang.
The boomerang hits you.
You scratch the orc but do no damage. You block the orc's attack.
You mangle the orc!!
You kill the orc!
You barely miss the acid dragon.
The acid dragon is lightly wounded.
The acid dragon spits acid at you. The splash of acid hits you!
You are splashed with acid!
You mangle the acid dragon!!
The acid dragon is severely wounded.
You closely miss the acid dragon.
The acid dragon is severely wounded.
The acid dragon bites you!
* * * LOW HITPOINT WARNING * * *
You block the acid dragon's attack.
You scratch the acid dragon but do no damage.
The acid dragon is severely wounded.
The acid dragon bites you.
* * * LOW HITPOINT WARNING * * *
The acid dragon claws you but does no damage.
You closely miss the acid dragon.
The acid dragon is severely wounded.
The orc warrior hits you from afar with a +2 trident of freezing!
* * * LOW HITPOINT WARNING * * *
The orc warrior freezes you.
* * * LOW HITPOINT WARNING * * *
The acid dragon spits acid at you. The splash of acid misses you.
You scratch the acid dragon but do no damage.
The acid dragon is severely wounded.
The orc warrior hits you from afar with a +2 trident of freezing!
You die...

......# #.#.##.##..........#
......####.#.##..#..........#
...........#.###.#..........#
.......#####.# #.#..........#
......)......# #.......$....#
.###.#.##########..=..o.....#
.###.#.## ......oo#'######.#
.##.....# #####.#.#.#
.#####..# #@#...# .# #..#
#D##..# .+ #..# #{##.D# .#
#..# #o##..# .# #..# #o##..#
## #..# #....># #..# #######
##.# ###


You could see an orc warrior, an acid dragon (catching breath), an orc priest
and an orc.

Vanquished Creatures
  A wyvern (D:7)
  2 black bears
  A hornet zombie (D:7)
  2 necrophages
  A sky beast (D:5)
  3 ogres
  2 phantoms
  2 centaurs
  Blork the orc (D:4)
  A kobold brigand (D:7)
  A water moccasin zombie (D:6)
  5 scorpions
  A water moccasin skeleton (D:4)
  7 wights
  7 crimson imps (D:7)
  A centaur zombie (D:4)
  A bullfrog zombie (D:7)
  A centaur skeleton (D:6)
  A bullfrog skeleton (D:6)
  2 hounds
  An orc priest (D:4)
  Jessica (D:3)
  3 iguanas
  2 orc wizards (D:5)
  A hound skeleton (D:5)
  9 mummies
  Robin (D:4)
  A howler monkey zombie (D:6)
  6 gnolls
  6 adders
  A shadow imp (D:5)
  2 white imps (D:7)
  2 ufetubi
  A worm (D:3)
  20 orcs
  4 ball pythons
  5 endoplasms
  3 giant cockroaches
  2 gnoll zombies (Ossuary)
  18 goblins
  4 hobgoblins
  14 jackals
  2 quokkas
  3 bats
  A frilled lizard (D:2)
  A hobgoblin zombie (Ossuary)
  6 kobolds
  A kobold zombie (Ossuary)
  4 orc zombies (Ossuary)
  A rat (D:3)
169 creatures vanquished.

Vanquished Creatures (others)
  2 fungi (D:4)
  A plant (D:6)
3 creatures vanquished.

Grand Total: 172 creatures vanquished

Notes
Turn   | Place    | Note
-------+----------+-------------------------------------------
     0 | D:1      | mordus the Troll Monk began the quest for the Orb.
     0 | D:1      | Reached XP level 1. HP: 22/22 MP: 0/0
   264 | D:1      | Reached XP level 2. HP: 26/29 MP: 1/1
   817 | D:2      | Reached XP level 3. HP: 32/36 MP: 2/2
  1007 | D:2      | Found a faded altar of an unknown god.
  1132 | D:2      | You fall into a shaft and drop 1 floor!
  1376 | D:3      | Reached skill level 1 in Maces & Flails
  1382 | D:3      | Reached XP level 4. HP: 42/44 MP: 3/3
  1545 | D:2      | Found a glowing golden altar of the Shining One.
  2030 | D:3      | Found Rienet's Distillery.
  2037 | D:3      | Reached skill level 4 in Unarmed Combat
  2039 | D:3      | Bought a potion of degeneration for 13 gold pieces
  2104 | D:3      | Noticed Jessica
  2109 | D:3      | Killed Jessica
  2251 | D:4      | Noticed a phantom
  2259 | D:4      | Noticed Blork the orc
  2273 | D:3      | Killed a phantom
  2274 | D:3      | Reached XP level 5. HP: 42/53 MP: 4/4
  2304 | D:4      | Killed Blork the orc
  2307 | D:4      | Reached XP level 6. HP: 36/61 MP: 5/5
  2340 | D:4      | Noticed Robin
  2344 | D:4      | Reached skill level 5 in Unarmed Combat
  2375 | D:4      | Killed Robin
  2638 | D:4      | Found a staircase to the Ecumenical Temple.
  2650 | Temple   | Entered the Ecumenical Temple
  2888 | D:4      | Reached XP level 7. HP: 68/68 MP: 6/6
  3091 | D:5      | Entered Level 5 of the Dungeon
  3128 | D:5      | Reached skill level 6 in Unarmed Combat
  3434 | D:5      | Reached XP level 8. HP: 68/78 MP: 7/7
  3860 | D:5      | Reached skill level 7 in Unarmed Combat
  4110 | D:6      | Found a sand-covered staircase.
  4123 | Ossuary  | Entered an ossuary
  4486 | D:6      | Reached skill level 8 in Unarmed Combat
  4561 | D:6      | Reached skill level 5 in Fighting
  4697 | D:6      | Reached XP level 9. HP: 87/88 MP: 8/8
  4733 | D:6      | Reached skill level 5 in Dodging
  5405 | D:7      | Reached skill level 5 in Maces & Flails
  5626 | D:7      | Reached skill level 9 in Unarmed Combat
  6315 | D:8      | HP: 4/88 [orc warrior/+2 trident of freezing (10)]
  6316 | D:8      | Mangled by an orc warrior

Illustrated notes

Levels and vault maps discovered:
D:1:      roderic_dead_forest, layout_basic
D:2:      layout_basic, basic_altar, basic_ecumenical_altar
D:3:      layout_loops_ring, serial_shops, shop, palyth_stone_intersect,
          grunt_ministairs_12, uniq_jessica
D:4:      old_forge, layout_gridville, minmay_temple_entry_offerings,
          wad_floor_pattern_1, uniq_blork_the_orc, uniq_robin
D:5:      layout_cave_pods, hangedman_glass_teeth, kennysheep_potato
D:6:      layout_rooms, gup_ossuary_entry_pyramid, serial_bayou_pond_b
D:7:      layout_layer_cave, minmay_nine_imps
D:8:      layout_basic, dk_noncrumbling_3, uniq_erica
Temple:   kilobyte_greek_temple

Skill      XL: |  1  2  3  4  5  6  7  8  9 |
---------------+----------------------------+-----
Maces & Flails | 1 2 3 4 5 |  5.3
Unarmed Combat | 4 5 6 8 9 |  9.1
Fighting       | 3 4 5 |  5.6
Dodging        | 3 4 5 |  5.5
Stealth        | |  1.0

Action                   |  1- 3 |  4- 6 |  7- 9 || total
-------------------------+-------+-------+-------++-------
Melee: Unarmed           |   103 |   133 |   309 ||   545
       Punch             |     1 |     4 |    10 ||    15
 Stab: Sleeping          |     1 |     2 |     3 ||     6
Armor: Robe              |    30 |    52 |    70 ||   152
Dodge: Dodged            |    59 |    80 |   151 ||   290
Block: Other             |       |    37 |    70 ||   107
       Reflection        |       |     2 |     1 ||     3

Table legend: (Time is in decaauts)
 A = Elapsed time spent in this place.
 B = Non-inter-level travel time spent in this place.
 C = Inter-level travel time spent in this place.
 D = Time resting spent in this place.
 E = Time spent auto-exploring this place.
 F = Levels seen in this place.
 G = Mean time per level.
                   A        B        C        D        E       F      G
               +--------+--------+--------+--------+--------+-----+--------+
         Total |   6260 |   5919 |    341 |     81 |   4669 |  10 |  626.0 |
       Dungeon |   5894 |   5553 |    341 |     69 |   4473 |   8 |  736.8 |
        Temple |    142 |    142 |      0 |      0 |    124 |   1 |  142.0 |
       Ossuary |    224 |    224 |      0 |     12 |     72 |   1 |  224.0 |
               +--------+--------+--------+--------+--------+-----+--------+

Top non-repeatable levels by time:
     D:7: 1300 daAuts
     D:5: 919 daAuts
     D:3: 832 daAuts
     D:2: 727 daAuts
     D:1: 710 daAuts
     D:4: 677 daAuts
     D:6: 590 daAuts
 Ossuary: 224 daAuts
  Temple: 142 daAuts
     D:8: 136 daAuts
